 Dungeon Crawl Stone Soup version 0.28-a0-843-gb979743d38 (webtiles) character file.

Game seed: 12324752157687293023

3419 Iepvzaeh the Protected (level 9, -2/79 HPs)
             Began as a Minotaur Fighter on Nov 12, 2021.
             Was a Follower of Okawaru.
             Slain by a yak (11 damage)
             ... on level 8 of the Dungeon.
             The game lasted 00:19:02 (9674 turns).

Iepvzaeh the Protected (Minotaur Fighter)           Turns: 9674, Time: 00:19:03

Health: -2/79      AC: 12    Str: 29    XL:     9   Next: 76%
Magic:  8/8        EV: 11    Int:  5    God:    Okawaru [*.....]
Gold:   285        SH:  0    Dex: 11    Spells: 8/8 levels left

rFire   . . .      SeeInvis .   a - +3 war axe
rCold   + . .      Faith    .   (no shield)
rNeg    . . .      Spirit   .   J - +3 scale mail {rC+}
rPois   +          Reflect  .   (helmet restricted)
rElec   .          Harm     .   o - +0 cloak
rCorr   .          Rampage  .   (no gloves)
Will    .....                   (no boots)
Stlth   ..........              (no amulet)
HPRegen 0.23/turn               k - +6 ring of strength
MPRegen 0.11/turn               x - ring of poison resistance

@: lethally poisoned (-2 -> -5)
A: horns 2, retaliatory headbutt
a: Renounce Religion, Heroism


You were on level 8 of the Dungeon.
You worshipped Okawaru.
Okawaru was aware of your devotion.
You visited 2 branches of the dungeon, and saw 10 of its levels.
You also visited: Sewer.

You collected 285 gold pieces.

Inventory:

Hand Weapons
 a - a +3 war axe (weapon)
 b - a +0 shortbow
 K - a +0 war axe
Missiles
 e - 158 arrows
 g - 30 bolts
 v - 3 boomerangs (quivered)
Armour
 c - a +0 buckler
 o - a +0 cloak (worn)
 u - a +0 tower shield
 w - a +0 scale mail
 J - a +3 scale mail of cold resistance (worn)
Jewellery
 k - a +6 ring of strength (left hand)
 r - a +6 ring of dexterity
 x - a ring of poison resistance (right hand)
 G - an amulet of magic regeneration
 O - a ring of see invisible
Wands
 I - a wand of iceblast (6)
 L - a wand of flame (43)
 N - a wand of paralysis (5)
Scrolls
 h - 2 scrolls of brand weapon
 i - 5 scrolls of noise
 j - 2 scrolls of blinking {unknown}
 l - 3 scrolls of vulnerability {unknown}
 n - 7 scrolls of teleportation
 q - 2 scrolls of fear
 s - 2 scrolls of fog {unknown}
 t - 2 scrolls of magic mapping {unknown}
 y - 2 scrolls of summoning {unknown}
 A - 2 scrolls of enchant armour {unknown}
 F - a scroll of immolation {unknown}
Potions
 d - 3 potions of might
 f - 2 potions of curing
 m - 2 potions of brilliance
 p - 2 potions of berserk rage
 z - a potion of attraction
 B - 2 potions of haste
 C - 2 potions of heal wounds
 D - a potion of invisibility
 E - a potion of mutation
 H - a potion of resistance {unknown}
 P - 2 potions of ambrosia


   Skills:
 + Level 7.5 Fighting
 + Level 9.0 Axes
 + Level 5.9 Bows
 + Level 2.2 Throwing
 + Level 9.3 Armour
 + Level 3.1 Dodging
 + Level 1.4 Stealth
 + Level 5.2 Shields


You had 8 spell levels left.
You didn't know any spells.
Your spell library contained the following spells:

 Spells                   Type           Power      Damage    Failure   Level
 Pain                     Necr           0%         1d4       69%         1
 Sandblast                Erth           0%         2d4       69%         1
 Passwall                 Tmut/Erth      0%         N/A       83%         2
 Stone Arrow              Conj/Erth      0%         3d7       96%         3
 Swiftness                Air            0%         N/A       96%         3
 Cause Fear               Hex            0%         N/A       100%        4
 Agony                    Necr           0%         N/A       100%        5
 Excruciating Wounds      Necr           0%         N/A       100%        5
 Dragon Form              Tmut           0%         N/A       100%        7
 Dragon's Call            Summ           Unusable   N/A       N/A         9

Dungeon Overview and Level Annotations

Branches:
Dungeon (9/15)             Temple (1/1) D:6           Sewer (visited)
   Lair: D:8-11         Orc: D:9-12

Altars:
Ashenzari
Cheibriados
Dithmenos
Elyvilon
Fedhas
Gozag
Hepliaklqana
Kikubaaqudgha
Makhleb
Nemelex Xobeh
Okawaru
Qazlal
Ru
Trog
Uskayaw
Vehumet
Wu Jian
Xom
Yredelemnul
Zin
The Shining One

Shops:
D:6 *

Annotations:
D:7 2 transporters, StikS32's ghost, novice MiFi


Innate Abilities, Weirdness & Mutations

You have a pair of horns on your head.
You reflexively headbutt those who attack you in melee.


Message History

The killer bee stings you but does no damage.
The killer bee completely misses you.
The yak gores you but does no damage. x2
The killer bee stings you but does no damage. x2
The yak barely misses you. You furiously retaliate!
You headbutt the yak!
Unknown command.
You slash the killer bee!
You kill the killer bee!
Okawaru accepts your kill.
You slash the killer bee! You barely miss the yak. x2
You feel very sick. The killer bee misses you. You furiously retaliate!
You headbutt the killer bee!
You kill the killer bee!
Okawaru accepts your kill. The yak gores you but does no damage.
The yak barely misses you. The yak gores you!
Your Axes skill increases to level 9!
Unknown command.
Unknown command.
You hit the yak. You headbutt the yak.
The yak is moderately wounded.
You closely miss the yak.
You feel sick. The yak misses you. You furiously retaliate!
You headbutt the yak, but do no damage. The yak gores you!
* * * LOW HITPOINT WARNING * * *
You barely miss the yak. You headbutt the yak.
The yak is heavily wounded.
You hit the yak but do no damage.
You feel sick. The yak completely misses you. The yak gores you!
* * * LOW HITPOINT WARNING * * *
Your scale mail prevents you from hitting the yak.
You headbutt the yak.
The yak is heavily wounded.
You hit the yak.
You feel sick. The yak gores you but does no damage.
The yak closely misses you.
You slash the yak!
You kill the yak!
Okawaru accepts your kill.
You slash the yak!
You feel sick. The yak gores you!
You die...

..##....######..##....##..##...#.
..##....##..###'########..###'###
..........................##..###
..##.............................
####....##..##..########..##.....
..##....######..##....##..##..##.
..')...)[...######........##..##.
..##...........÷†#...............
'###...........÷@#...............
..#.....##..##.Y##...............
..########..##..##.....#....#....
..##....##...#...................
..##.........'...........##......
........##..##...........##....##
..########..##..##.............##
..##....##..##..##.....#....#...#
..##.........#...#..............#


You could see a yak.

Vanquished Creatures
  2 centaur zombies
  4 yaks (D:8)
  A sky beast (D:6)
  3 ice beasts
  A necrophage (D:7)
  3 ogres
  A centaur (D:5)
  3 bullfrogs
  A scorpion (D:4)
  5 killer bees (D:8)
  7 howler monkeys
  A hound (D:4)
  A jelly (D:6)
  4 orc priests
  5 orc wizards
  6 iguanas
  A hound zombie (D:5)
  14 adders
  3 gnolls (D:4)
  7 river rats
  4 ufetubi
  An adder skeleton (D:4)
  3 worms
  4 dart slugs
  25 orcs
  12 ball pythons
  9 endoplasms
  9 giant cockroaches
  10 goblins
  8 hobgoblins
  3 jackals (D:2)
  4 quokkas
  5 bats
  8 frilled lizards
  5 kobolds
  31 rats
214 creatures vanquished.

Vanquished Creatures (others)
  An orc wizard (D:8)
  An orc (D:8)
  5 plants (D:3)
7 creatures vanquished.

Grand Total: 221 creatures vanquished

Notes
Turn   | Place    | Note
-------+----------+-------------------------------------------
     0 | D:1      | Iepvzaeh the Minotaur Fighter began the quest for the Orb.
     0 | D:1      | Reached XP level 1. HP: 19/19 MP: 0/0
   232 | D:1      | Reached XP level 2. HP: 25/27 MP: 1/1
  1025 | D:2      | Found a faded altar of an unknown god.
  1172 | D:2      | Reached XP level 3. HP: 30/33 MP: 2/2
  1806 | D:3      | Reached XP level 4. HP: 34/40 MP: 3/3
  2289 | D:3      | Found a stormy altar of Qazlal.
  2381 | D:3      | Noticed an ogre
  2501 | D:3      | Killed an ogre
  2502 | D:3      | Reached XP level 5. HP: 47/47 MP: 4/4
  2747 | D:4      | Noticed an ogre
  2756 | D:4      | Reached skill level 5 in Armour
  2758 | D:4      | Killed an ogre
  2759 | D:4      | Reached skill level 5 in Fighting
  2759 | D:4      | Reached XP level 6. HP: 34/56 MP: 5/5
  2933 | D:4      | Reached skill level 5 in Axes
  2933 | D:4      | Reached skill level 1 in Dodging
  3540 | D:4      | Found a sparkling altar of Nemelex Xobeh.
  3904 | D:4      | Reached XP level 7. HP: 53/61 MP: 6/6
  4250 | D:5      | Entered Level 5 of the Dungeon
  4424 | D:5      | Reached skill level 1 in Throwing
  4645 | D:5      | Reached skill level 1 in Bows
  4645 | D:5      | Reached skill level 5 in Shields
  4715 | D:5      | Reached XP level 8. HP: 53/70 MP: 7/7
  4753 | D:5      | Found a glowing drain.
  4766 | Sewer    | Entered a sewer
  5816 | D:5      | Found a hide-covered altar of Uskayaw.
  6293 | D:6      | Found Mujig's Elemental Accessories.
  6338 | D:6      | Found an ornate altar of the Wu Jian Council.
  6697 | D:6      | Found an iron altar of Okawaru.
  6952 | D:6      | Found a staircase to the Ecumenical Temple.
  7093 | Temple   | Entered the Ecumenical Temple
  7400 | D:6      | Became a worshipper of Warmaster Okawaru
  7640 | D:7      | Found a transporter.
  7642 | D:7      | Noticed StikS32's ghost (novice MiFi)
  7668 | D:7      | Found a shimmering altar of Xom.
  7688 | D:7      | Reached XP level 9. HP: 78/78 MP: 8/8
  7776 | D:7      | Found a transporter.
  8644 | D:8      | Reached skill level 1 in Stealth
  8711 | D:8      | Found a glowing silver altar of Zin.
  8958 | D:8      | Reached skill level 5 in Bows
  8969 | D:8      | Reached * piety under Okawaru
  9674 | D:8      | Slain by a yak

Illustrated notes

Levels and vault maps discovered:
D:1:      minmay_arrival_split_and_join, layout_loops_ring
D:2:      layout_loops_cross, hellmonk_ecumenical_altar_arch_garden,
          kennysheep_generic_room_14
D:3:      kennysheep_big_flooded_room, layout_rooms, grunt_qazlal_clouds,
          minmay_misc_feat_alley, serial_bayou_ford_a, minmay_bisected
D:4:      layout_loops_cross, mainiacjoe_overflow_surrounded_room
D:5:      layout_basic, mainiacjoe_overflow_concentric_impassable,
          portal_sewer_entry_b, water_maze_lemuel
D:6:      layout_loops_corners, kennysheep_okawaru_gauntlet,
          nicolae_wu_jian_wuxing_cycle, minmay_temple_entry_proselytizer,
          nicolae_elemental_shop
D:7:      layout_layer_cave, xom_teletrap_fun, gammafunk_ghost_hive,
          minmay_stone_trees_small
D:8:      layout_gridville, mainiacjoe_overflow_brackets, skrybe_limestone_x,
          chequers_decorated_corner, lemuel_old_faithful
D:9:      layout_rooms, uniq_grum
Temple:   minmay_temple_curvy_branch

Skill      XL: |  1  2  3  4  5  6  7  8  9 |
---------------+----------------------------+-----
Shields        | 4 5 |  5.2
Fighting       | 4 5 6 7 |  7.5
Axes           | 3 4 5 6 7 9 |  9.0
Armour         | 4 5 6 8 9 |  9.3
Dodging        | 1 2 3 |  3.1
Throwing       | 1 2 |  2.2
Bows           | 2 4 5 |  5.9
Stealth        | 1 |  1.4

Action                   |  1- 3 |  4- 6 |  7- 9 || total
-------------------------+-------+-------+-------++-------
Melee: War axe           |    74 |   107 |   157 ||   338
       Headbutt          |    13 |    29 |    40 ||    82
 Fire: Shortbow          |       |       |   145 ||   145
Throw: Boomerang         |       |    11 |    18 ||    29
  Use: Scroll            |       |       |    11 ||    11
Armor: Scale mail        |    29 |    41 |   136 ||   206
Dodge: Dodged            |    28 |    45 |   156 ||   229
Block: Buckler           |    17 |    30 |       ||    47
       Tower shield      |       |     4 |    28 ||    32

Table legend: (Time is in decaauts)
 A = Elapsed time spent in this place.
 B = Non-inter-level travel time spent in this place.
 C = Inter-level travel time spent in this place.
 D = Time resting spent in this place.
 E = Time spent auto-exploring this place.
 F = Levels seen in this place.
 G = Mean time per level.
                   A        B        C        D        E       F      G
               +--------+--------+--------+--------+--------+-----+--------+
         Total |   9873 |   9604 |    269 |   1326 |   6399 |  11 |  897.5 |
       Dungeon |   8707 |   8442 |    265 |   1003 |   6009 |   9 |  967.4 |
        Temple |    248 |    244 |      4 |      0 |    244 |   1 |  248.0 |
         Sewer |    916 |    916 |      0 |    323 |    146 |   1 |  916.0 |
               +--------+--------+--------+--------+--------+-----+--------+

Top non-repeatable levels by time:
     D:4: 1498 daAuts
     D:6: 1315 daAuts
     D:8: 1216 daAuts
     D:1: 1037 daAuts
     D:3: 991 daAuts
     D:2: 966 daAuts
   Sewer: 916 daAuts
     D:7: 903 daAuts
     D:5: 769 daAuts
  Temple: 248 daAuts
     D:9: 9 daAuts
